 Dungeon Crawl Stone Soup version 0.22-a0-614-g34fbaa0 (webtiles) character file.

2842 zhorgal the Skirmisher (level 10, 0/79 (80) HPs)
             Began as a Formicid Abyssal Knight on July 16, 2018.
             Was a High Priest of Lugonu.
             Slain by a two-headed ogre
             ... wielding a +0 giant club
              (2 damage)
             ... on level 8 of the Dungeon on July 17, 2018.
             The game lasted 00:51:33 (10067 turns).

zhorgal the Skirmisher (Formicid Abyssal Knight)   Turns: 10067, Time: 00:51:33

HP:   0/79 (80)     AC: 17    Str: 19    XL:     10   Next: 3%
MP:   14/15         EV:  5    Int: 13    God:    Lugonu [*****.]
Gold: 284           SH:  3    Dex: 15    Spells: 9/9 levels left

rFire    . . .     SeeInvis +   a - +1 broad axe
rCold    . . .     Gourm    .   P - +0 buckler
rNeg     . . .     Faith    +   t - +0 plate armour
rPois    .         Spirit   .   (helmet unavailable)
rElec    .         Reflect  .   A - +1 cloak
rCorr    +         Harm     .   n - +0 pair of gloves
MR       +....                  (no boots)
Stlth    ..........             O - amulet of faith
HPRegen  0.23/turn              j - ring of resist corrosion
MPRegen  0.14/turn              N - +5 ring of dexterity

@: no status effects
A: permanent stasis, dig shafts and tunnels, four strong arms, antennae 3
a: Dig, Shaft Self, Depart the Abyss, Bend Space, Banish, Corrupt, Enter the
Abyss, Renounce Religion


You were on level 8 of the Dungeon.
You worshipped Lugonu.
Lugonu was extremely pleased with you.
You were not hungry.

You visited 1 branch of the dungeon, and saw 8 of its levels.
You visited the Abyss 1 time.
You also visited: Sewer and Bailey.

You collected 284 gold pieces.

Inventory:

Hand Weapons
 a - a +1 broad axe (weapon)
 m - a cursed -2 broad axe
 r - a +2 hand axe
 v - a +0 hunting sling
 C - a +0 morningstar
 R - a +1 shortbow of freezing
Missiles
 d - 3 tomahawks of dispersal
 h - 156 arrows
 o - 265 stones (quivered)
 y - 59 poisoned needles
 B - 8 poisoned tomahawks
 E - 8 tomahawks
 F - 6 bolts
 K - 56 sling bullets
Armour
 n - a +0 pair of gloves (worn)
 t - a +0 plate armour (worn)
 A - a +1 cloak (worn)
 P - a +0 buckler (worn)
Jewellery
 b - an uncursed ring of flight
 j - a ring of resist corrosion (left hand)
 k - an uncursed ring of fire
 N - a +5 ring of dexterity (right hand)
 O - an amulet of faith (around neck)
Wands
 H - a wand of acid (7)
 J - a wand of random effects (25)
 L - a wand of flame (20)
 X - a wand of iceblast (7)
Scrolls
 s - a scroll of fog {unknown}
 u - 4 scrolls of remove curse
 w - a scroll of immolation {unknown}
 x - 2 scrolls of fear {unknown}
 z - 2 scrolls of magic mapping {unknown}
 G - a scroll of random uselessness {unknown}
 Q - a scroll of identify
Potions
 e - 2 potions of cancellation {unknown}
 f - 3 potions of brilliance
 g - 2 potions of mutation {unknown}
 l - 2 potions of might {unknown}
 p - 6 potions of curing
 q - 2 potions of lignification {unknown}
 D - a potion of agility {unknown}
 I - 2 potions of magic {unknown}
 M - a potion of flight {unknown}
 S - 3 potions of heal wounds {unknown}
 T - a potion of berserk rage {unknown}
 U - a potion of haste {unknown}
Comestibles
 c - 19 rations
 i - a chunk of flesh


   Skills:
 + Level 7.8 Fighting
 + Level 7.5 Axes
 + Level 7.4 Armour
 - Level 0.8 Dodging
 + Level 7.3 Invocations


You had 9 spell levels left.
You didn't know any spells.
Your spell library contained the following spells:

 Spells                   Type           Power        Failure   Level  Hunger
 Confuse                  Hex            #.......     100%        3    ####...
 Tukima's Dance           Hex            #.......     100%        3    ####...
 Spider Form              Tmut/Pois      #.........   100%        3    ####...
 Blade Hands              Tmut           #.........   100%        5    ######.
 Ice Form                 Ice/Tmut       #.......     100%        4    #####..
 Confusing Touch          Hex            #.....       100%        1    ##.....
 Sticks to Snakes         Tmut           #.......     100%        2    ###....
 Ensorcelled Hibernation  Hex/Ice        #.....       100%        2    ###....
 Metabolic Englaciation   Hex/Ice        #.........   100%        5    ######.
 Corona                   Hex            #......      100%        1    ##.....
 Petrify                  Tmut/Erth      #.......     100%        4    #####..
 Beastly Appendage        Tmut           #.....       100%        1    ##.....
 Dazzling Spray           Conj/Hex       #.....       100%        3    ####...
 Gell's Gravitas          Tloc           #.........   100%        3    ####...
 Yara's Violent Unravell  Hex/Tmut       #.........   100%        5    ######.


Dungeon Overview and Level Annotations

Branches:
Dungeon (8/15)             Temple (0/1) D:7
   Lair: D:8-11

Altars:
Fedhas
Gozag
Hepliaklqana
Nemelex Xobeh
Okawaru
Qazlal
Sif Muna
Uskayaw
Vehumet
Wu Jian
Xom
Yredelemnul
The Shining One


Innate Abilities, Weirdness & Mutations

You cannot be hasted, slowed, berserked, paralysed or teleported.
You can dig through walls and to a lower floor.
Your four strong arms can wield two-handed weapons with a shield.
You have a pair of large antennae on your head. (SInv)


Message History

You take 2 damage, and have 1/79 hp.
You now have 14/15 mp.
Aim: a two-headed ogre, wielding two giant clubs (moderately wounded)
The bolt of acid hits the two-headed ogre.
The two-headed ogre is splashed with acid.
The acid corrodes the two-headed ogre!
Aim: a two-headed ogre, wielding two giant clubs (severely wounded, covered in acid)
The bolt of acid hits the two-headed ogre.
The two-headed ogre is splashed with acid.
The acid corrodes the two-headed ogre!
The bolt of acid hits the howler monkey skeleton.
The howler monkey skeleton is splashed with acid.
The acid corrodes the howler monkey skeleton!
You destroy the howler monkey skeleton!
Lugonu accepts your kill.
Aim: a two-headed ogre, wielding two giant clubs (almost dead, covered in acid)
The bolt of acid misses the two-headed ogre.
You hit the two-headed ogre.
The two-headed ogre completely misses you.
The two-headed ogre hits you with a giant club.
You die...

#.###........>.#
... #........##
..#
###.###....>...#
.. #...........##
.. #####.#.##..# .
#.#.##.## .# #
#.#.#..#####.#.##
#.#.............##
#....@...........#
#####O######.##.##
#.# # #.# ##.#
#..# ##.## #..#
#.##


You could see a two-headed ogre.

Vanquished Creatures
  An orc warrior (D:7)
  2 sky beasts (D:7)
  A necrophage (D:6)
  3 ogres
  4 centaurs
  2 big kobolds
  4 bullfrogs
  2 scorpions
  4 killer bees (D:7)
  4 wights (D:7)
  A crimson imp (D:7)
  A jelly (D:7)
  A hound (D:8)
  A bullfrog zombie (D:5)
  A bullfrog skeleton (D:7)
  6 orc priests
  5 orc wizards
  A centaur skeleton (D:5)
  4 worker ants
  2 hound zombies (D:6)
  3 hound skeletons (D:6)
  A howler monkey zombie (D:7)
  A howler monkey skeleton (D:8)
  12 adders
  3 gnolls
  7 river rats
  2 shadow imps (D:5)
  4 oozes
  A worm (D:3)
  2 dart slugs
  4 leopard geckos
  24 orcs
  8 bats
  7 giant cockroaches
  6 goblins
  7 hobgoblins
  22 jackals
  15 kobolds
  A quokka (D:7)
  9 ball pythons
  6 frilled lizards
  A quokka skeleton (D:4)
  16 rats
  4 plants (D:7)
216 creatures vanquished.

Vanquished Creatures (others)
  5 plants (D:7)
5 creatures vanquished.

Grand Total: 221 creatures vanquished

Notes
Turn   | Place    | Note
-------+----------+-------------------------------------------
     0 | Abyss:1  | zhorgal the Formicid Abyssal Knight began the quest for the Orb.
     0 | Abyss:1  | Reached XP level 1. HP: 18/18 MP: 2/2
    22 | Abyss:1  | Found a corrupted altar of Lugonu.
    24 | D:1      | Escaped the Abyss
   102 | D:1      | Reached XP level 2. HP: 20/24 MP: 3/3
   296 | D:1      | Reached XP level 3. HP: 24/29 MP: 4/4
   721 | D:1      | Reached ** piety under Lugonu
  1072 | D:2      | Reached XP level 4. HP: 31/35 MP: 5/5
  1730 | D:2      | Found an opulent altar of Gozag.
  1916 | D:2      | Found an ornate altar of the Wu Jian Council.
  1931 | D:2      | Found a shimmering altar of Xom.
  1931 | D:2      | Found a stormy altar of Qazlal.
  2070 | D:2      | Found a glowing golden altar of the Shining One.
  2324 | D:2      | HP: 1/35 [orc priest/club (1)]
  2325 | D:2      | Reached XP level 5. HP: 1/42 MP: 6/6
  2940 | D:3      | Reached XP level 6. HP: 46/48 MP: 7/7
  3011 | D:3      | Reached *** piety under Lugonu
  3603 | D:4      | Found an iron altar of Okawaru.
  3627 | D:3      | Reached skill level 5 in Axes
  3627 | D:3      | Reached XP level 7. HP: 15/55 MP: 7/9
  4361 | D:4      | Reached skill level 5 in Fighting
  4923 | D:5      | Entered Level 5 of the Dungeon
  5226 | D:5      | Found a sparkling altar of Nemelex Xobeh.
  5287 | D:5      | Found a radiant altar of Vehumet.
  5290 | D:5      | Found a hazy altar of Hepliaklqana.
  5293 | D:5      | Found a hide-covered altar of Uskayaw.
  5443 | D:5      | Reached **** piety under Lugonu
  5466 | D:5      | Found a glowing drain.
  5480 | Sewer    | Entered a sewer
  5497 | Sewer    | Reached XP level 8. HP: 63/63 MP: 9/11
  5635 | Sewer    | Reached skill level 5 in Armour
  6448 | D:6      | Reached skill level 5 in Invocations
  6564 | D:6      | Reached ***** piety under Lugonu
  7458 | D:6      | Reached XP level 9. HP: 58/70 MP: 13/13
  7857 | D:7      | Found a staircase to the Ecumenical Temple.
  7857 | D:7      | Found a flagged portal.
  7913 | Bailey   | Entered a bailey
  7913 | Bailey   | Noticed an orc knight
  7913 | Bailey   | Noticed an orc knight
  8367 | D:7      | Found a blossoming altar of Fedhas.
  8407 | D:7      | Found a basalt altar of Yredelemnul.
  8759 | D:7      | Found a deep blue altar of Sif Muna.
  9300 | D:7      | Reached XP level 10. HP: 53/79 MP: 10/15
 10050 | D:8      | Noticed a two-headed ogre
 10060 | D:8      | HP: 2/79 [two-headed ogre/giant club (27)]
 10067 | D:8      | Slain by a two-headed ogre

Vault maps used:
D:1:      minmay_arrival_stair_chambers, grunt_decor_one_mirror,
          minmay_splitting_lines, minmay_misc_feat_chi
D:2:      grunt_temple_overflow_open, lemuel_coloured_pillars_altar,
          tso_oasis_becter, first_ration
D:4:      okawaru_trees_1
D:5:      grunt_temple_overflow_diamond, basic_altar, portal_sewer_entry_e
D:6:      grunt_decor_fettered, kennysheep_decorative_pillar,
          minmay_unpleasant_kobolds
D:7:      wad_woods_stonehenge, overflow_temple_1_default,
          overflow_temple_1_default, minmay_temple_entry_trees, enter_bailey_2
D:8:      makhleb_blood_cavern_becter, hangedman_pestilent_swarm,
          nrook_pool_corridor, nicolae_dithmenos_through_a_glass_darkly
Abyss:1:  evilmike_abyss_exit_10
Sewer:    sewer_co_15_rooms
Bailey:   bailey_polearm_4, bailey

Skill      XL: |  1  2  3  4  5  6  7  8  9 |
---------------+----------------------------+-----
Axes           | 3 4 5 6 7 |  7.5
Armour         | 3 4 6 7 |  7.4
Fighting       | 4 5 6 7 |  7.8
Invocations    | 3 4 5 7 |  7.3
Dodging        | |  0.8

Action                   |  1- 3 |  4- 6 |  7- 9 | 10-12 || total
-------------------------+-------+-------+-------+-------++-------
Melee: Hand axe          |    88 |   254 |    80 |       ||   422
       Broad axe         |       |       |   479 |    34 ||   513
 Fire: Shortbow          |       |       |     3 |       ||     3
Throw: Stone             |       |       |     1 |       ||     1
Invok: Bend Space        |       |       |     9 |     1 ||    10
 Abil: Dig               |       |       |     2 |       ||     2
Evoke: Wand              |       |       |     4 |     4 ||     8
  Use: Scroll            |       |       |     9 |     1 ||    10
       Potion            |       |       |     1 |       ||     1
  Eat: Chunk             |       |     9 |    16 |       ||    25
       Ration            |       |       |     1 |     1 ||     2
Armor: Leather armour    |    16 |       |       |       ||    16
       Chain mail        |    17 |       |       |       ||    17
       Plate armour      |     8 |   233 |   452 |    21 ||   714
Dodge: Dodged            |    58 |    71 |   154 |     9 ||   292
Block: Buckler           |       |       |    28 |     1 ||    29

Table legend:
 A = Spawn XP
 B = Non-spawn XP
 C = Spawn XP percentage of total XP
 D = Spawn monster count
 E = Non-spawn monster count
 F = Spawn count percentage of total count
 G = Total turns spent on level
                    A         B        C        D         E        F      G
               +---------+---------+-------+---------+---------+-------+---------
         Total |       0 |    4060 |   0.0 |       0 |     212 |   0.0 | 10067
               +---------+---------+-------+---------+---------+-------+---------
           D:1 |       0 |      59 |   0.0 |       0 |      28 |   0.0 |  1025
           D:2 |       0 |     101 |   0.0 |       0 |      20 |   0.0 |  1890
           D:3 |       0 |     452 |   0.0 |       0 |      46 |   0.0 |  1349
           D:4 |       0 |     164 |   0.0 |       0 |       7 |   0.0 |   781
           D:5 |       0 |     198 |   0.0 |       0 |      20 |   0.0 |   890
           D:6 |       0 |    1120 |   0.0 |       0 |      35 |   0.0 |  1451
           D:7 |       0 |    1695 |   0.0 |       0 |      33 |   0.0 |  2114
           D:8 |       0 |      74 |   0.0 |       0 |       3 |   0.0 |    87
         Sewer |       0 |     197 |   0.0 |       0 |      20 |   0.0 |   447
               +---------+---------+-------+---------+---------+-------+---------
